 Dungeon Crawl Stone Soup version 0.19.4-9-g45fd643 (webtiles) character file.

14837 danebombitumenja the Grappler (level 11, -5/99 HPs)
             Began as a Centaur Berserker on Feb 18, 2017.
             Was a High Priest of Trog.
             Slain by Sonja
             ... wielding a +1 dagger of distortion
              (6 damage)
             ... on level 2 of the Lair of Beasts.
             The game lasted 00:30:40 (16566 turns).

danebombitumenja the Grappler (Centaur Berserker)  Turns: 16566, Time: 00:30:41

Health: -5/99      AC: 12    Str: 24    XL:     11   Next: 94%
Magic:  11/11      EV:  6    Int:  6    God:    Trog [*****.]
Gold:   455        SH:  0    Dex:  8    Spells: 0 memorised, 10 levels left

rFire  . . .     SeeInvis .       - Unarmed
rCold  + . .     Gourm    .     J - +0 plate armour
rNeg   + . .     Faith    .     (no shield)
rPois  .         Spirit   .     p - +0 helmet
rElec  .         Reflect  .     z - +0 cloak
rCorr  .         Harm     .     (no gloves)
MR     ++...                    (no barding)
Stlth  ..........               (no amulet)
                                C - ring of positive energy
                                c - ring of protection from cold

@: lethally poisoned (-5 -> -9), regenerating, slowed
A: hooves 3, deformed body, speed 2, tough skin 3
a: Berserk, Trog's Hand, Brothers in Arms, Burn Spellbooks, Renounce Religion


You were on level 2 of the Lair of Beasts.
You worshipped Trog.
Trog was extremely pleased with you.
You were very hungry.

You visited 2 branches of the dungeon, and saw 13 of its levels.

You collected 615 gold pieces.
You spent 160 gold pieces at shops.

Inventory:

Hand Weapons
 G - a +0 shortbow
Missiles
 h - 242 arrows
 w - 20 bolts
 F - 7 poisoned tomahawks (quivered)
Armour
 p - a +0 helmet (worn)
 z - a +0 cloak (worn)
 J - a +0 plate armour (worn)
Jewellery
 c - a ring of protection from cold (left hand)
 v - an uncursed ring of protection from magic
 C - a ring of positive energy (right hand)
Wands
 k - a wand of random effects (14/48)
Scrolls
 e - 4 scrolls of magic mapping
 f - 3 scrolls of fog
 i - 4 scrolls of remove curse
 m - 2 scrolls of fear
 r - 2 scrolls of amnesia {unknown}
 t - 3 scrolls of enchant armour {unknown}
 u - 7 scrolls of teleportation
 y - 3 scrolls of blinking {unknown}
Potions
 a - a potion of beneficial mutation {unknown}
 g - 2 potions of cancellation {unknown}
 l - 2 potions of lignification {unknown}
 n - 2 potions of degeneration {unknown}
 o - a potion of ambrosia {unknown}
 q - a potion of mutation {unknown}
 s - 2 potions of cure mutation {unknown}
 x - 2 potions of heal wounds {unknown}
 A - 3 potions of haste
 B - a potion of might {unknown}
 E - 2 potions of curing {unknown}
Comestibles
 b - 7 bread rations
 d - 7 meat rations
 j - 3 fruits


   Skills:
 + Level 9.8 Fighting
 * Level 11.2 Bows
 - Level 5.2 Armour
 - Level 5.3 Dodging
 + Level 11.7 Unarmed Combat


You had 10 spell levels left.
You didn't know any spells.

Dungeon Overview and Level Annotations

Branches:
Dungeon (11/15)            Temple (0/1) D:6            Lair (2/6) D:10
  Snake (0/4) Lair:2          Orc (0/2) D:9
  Swamp: Lair:2-4    Shoals: Lair:2-4

Altars:
Ashenzari
Fedhas
Hepliaklqana
Kikubaaqudgha
Makhleb
Qazlal
Ru
Uskayaw
The Shining One

Shops:
D:4 (   D:6 }   D:10 !

Annotations:
D:11 Paps's ghost, journeyman TrFi
Lair:2 Sonja


Innate Abilities, Weirdness & Mutations

You have hooves in place of feet.
Armour fits poorly on your strangely shaped body.
You cover ground very quickly.
You have extremely tough skin. (AC +3)


Message History

Sonja barely misses you.
Your troll barely misses Sonja. x2
Your troll closely misses Sonja.
Your ogre completely misses Sonja.
Sonja hits you but does no damage. Space bends around you.
* * * LOW HITPOINT WARNING * * *
Sonja hits you but does no damage. Space warps horribly around you!
* * * LOW HITPOINT WARNING * * *
Sonja hits you but does no damage. Space bends around you.
* * * LOW HITPOINT WARNING * * *
Your troll closely misses Sonja.
Your troll claws Sonja.
Your troll misses Sonja. You miss Sonja.
Sonja is heavily wounded.
* * * LOW HITPOINT WARNING * * *
You feel very sick.
Your ogre barely misses Sonja.
Sonja hits you but does no damage.
You feel strangely stable. Sonja hits you but does no damage.
Space bends around you.
* * * LOW HITPOINT WARNING * * *
Sonja hits you but does no damage. Space bends around you.
You die...

· ▒················▒▒▒··
··▒·<·············· ····
··▒·····················
········▒▒·····▒▒▒▒P····
········▒····(··········
········╬···············
········▒···············
··········▒▒··POK▒╬▒····
···············T@·····(·
·················$······
▒▒▒▒▒▒·▒▒▒▒▒▒▒▒▒·▒▒··▒▒·
▒▒▒ ▒·▒ ▒▒▒ ▒▒▒


You could see Sonja, a friendly troll (berserk) and a friendly ogre (berserk).

Vanquished Creatures
  The ghost of nikopol the Fighter, a journeyman GrBe of Trog (Lair:1)
  The ghost of nikopol the Cleaver, a journeyman GrBe of Trog (D:11)
  Nergalle (Lair:1)
  A hill giant (D:8)
  Maurice (D:10)
  The ghost of sveltemanboy the Sneak, a novice VSGl (D:5)
  2 spiny frogs
  3 komodo dragons
  A merfolk (D:10)
  A troll (D:8)
  A polar bear (Lair:2)
  Grinder (D:4)
  3 hippogriffs
  9 yaks (Lair:1)
  A wyvern (D:8)
  Grum (D:8)
  2 hungry ghosts (D:9)
  A basilisk (Lair:1)
  The ghost of nikopol the Skirmisher, an amateur GrBe of Trog (D:3)
  4 nagas (Lair:2)
  5 water moccasins
  3 porcupines (Lair:1)
  7 orc warriors
  2 sky beasts
  4 ice beasts
  A black bear (D:10)
  2 ogres
  4 phantoms
  4 centaurs
  2 wolves (D:8)
  The ghost of Felix the Charmwright, an amateur HESk of the Shining One (D:4)
  7 crocodiles
  A big kobold (D:10)
  8 bullfrogs
  A wyvern zombie (D:8)
  2 water moccasin skeletons
  4 scorpions
  A howler monkey (D:4)
  4 crimson imps
  A quasit (D:10)
  Crazy Yiuf (D:7)
  3 centaur skeletons
  5 jellies
  11 orc wizards
  5 bullfrog skeletons
  13 orc priests
  2 worker ants (D:7)
  2 iguanas (D:7)
  Ijyb (D:2)
  A killer bee zombie (D:8)
  A hound zombie (D:8)
  A hound skeleton (D:6)
  A howler monkey zombie (D:7)
  A worker ant zombie (D:8)
  7 adders
  2 shadow imps
  2 oozes
  2 adder skeletons
  An adder zombie (D:6)
  A worm (D:3)
  A dart slug (D:4)
  4 leopard geckos
  41 orcs
  6 giant cockroaches
  8 goblins
  5 hobgoblins
  10 jackals
  10 kobolds
  3 quokkas
  2 ball pythons
  6 bats
  6 frilled lizards
  A jackal zombie (D:9)
  A leopard gecko skeleton (D:5)
  7 rats
  2 fungi
277 creatures vanquished.

Vanquished Creatures (others)
  A human (D:2)
  A hobgoblin (D:3)
  6 bushes (Lair:1)
  2 fungi
  A plant (Lair:1)
11 creatures vanquished.

Grand Total: 288 creatures vanquished

Notes
Turn   | Place    | Note
-------+----------+-------------------------------------------
     0 | D:1      | danebombitumenja the Centaur Berserker began the quest for the Orb.
     0 | D:1      | Reached XP level 1. HP: 19/19 MP: 1/1
   196 | D:1      | Reached XP level 2. HP: 20/26 MP: 2/2
   856 | D:2      | Noticed Ijyb
   862 | D:2      | Killed Ijyb
   862 | D:2      | Reached XP level 3. HP: 31/31 MP: 3/3
  1332 | D:2      | Found an ancient bone altar of Kikubaaqudgha.
  1423 | D:2      | Noticed a human
  1424 | D:2      | Killed a human
  1650 | D:3      | Noticed nikopol's ghost (amateur GrBe)
  1657 | D:3      | Killed nikopol's ghost
  1657 | D:3      | Reached XP level 4. HP: 39/39 MP: 4/4
  1657 | D:3      | Reached XP level 5. HP: 45/45 MP: 5/5
  1680 | D:2      | Reached ** piety under Trog
  1998 | D:3      | Found a blossoming altar of Fedhas.
  2135 | D:3      | Reached skill level 5 in Unarmed Combat
  2352 | D:3      | Found a stormy altar of Qazlal.
  2644 | D:3      | Reached XP level 6. HP: 51/52 MP: 6/6
  2943 | D:4      | Found a hide-covered altar of Uskayaw.
  3035 | D:4      | Noticed Felix's ghost (amateur HESk)
  3051 | D:4      | Killed Felix's ghost
  3064 | D:4      | Noticed Grinder
  3143 | D:4      | Killed Grinder
  3143 | D:4      | Reached XP level 7. HP: 60/60 MP: 7/7
  3901 | D:4      | Found Cetzif's Weapon Emporium.
  4315 | D:5      | Entered Level 5 of the Dungeon
  4325 | D:5      | Noticed sveltemanboy's ghost (novice VSGl)
  4334 | D:5      | Killed sveltemanboy's ghost
  4334 | D:5      | Reached skill level 5 in Fighting
  4334 | D:5      | Reached XP level 8. HP: 68/68 MP: 8/8
  4701 | D:5      | Reached *** piety under Trog
  5642 | D:6      | Found a burning altar of Makhleb.
  5642 | D:6      | Found a hazy altar of Hepliaklqana.
  5643 | D:6      | Found a shattered altar of Ashenzari.
  5874 | D:6      | Found a staircase to the Ecumenical Temple.
  6104 | D:6      | Found Arrum's Gadget Emporium.
  6441 | D:7      | Reached XP level 9. HP: 64/75 MP: 9/9
  6644 | D:7      | Found a runed door.
  6648 | D:7      | Noticed Crazy Yiuf
  6652 | D:7      | Killed Crazy Yiuf
  6984 | D:7      | Reached **** piety under Trog
  7678 | D:8      | Noticed a hill giant
  7915 | D:8      | Killed a hill giant
  7915 | D:8      | Reached skill level 5 in Dodging
  8311 | D:8      | Noticed Grum
  8320 | D:8      | Killed Grum
  8320 | D:8      | Reached XP level 10. HP: 86/86 MP: 10/10
  8326 | D:8      | Reached skill level 5 in Armour
  8630 | D:8      | Reached skill level 10 in Unarmed Combat
  8680 | D:8      | Received a gift from Trog
  8956 | D:9      | Reached skill level 1 in Bows
  9009 | D:9      | Got a bloodstained hand axe
  9010 | D:9      | Identified the +5 hand axe of Honour {chop, rPois Dex+2} (You found it on level 9 of the Dungeon)
  9204 | D:9      | Found a staircase to the Orcish Mines.
 10258 | D:9      | Reached ***** piety under Trog
 10258 | D:9      | Received a gift from Trog
 10367 | D:9      | Found a glowing golden altar of the Shining One.
 10545 | D:9      | Paralysed by fainting for 10 turns
 10818 | D:9      | Reached skill level 5 in Bows
 11090 | D:10     | Entered Level 10 of the Dungeon
 11090 | D:10     | Found a sacrificial altar of Ru.
 11123 | D:10     | Noticed Maurice
 11137 | D:10     | Killed Maurice
 11519 | D:10     | Received a gift from Trog
 11552 | D:10     | Reached XP level 11. HP: 61/95 MP: 11/11
 11847 | D:10     | Found Qeuxo's Distillery.
 11878 | D:10     | Found a staircase to the Lair.
 12057 | D:11     | Noticed nikopol's ghost (journeyman GrBe)
 12084 | D:11     | Killed nikopol's ghost
 12265 | D:11     | Noticed Paps's ghost (journeyman TrFi)
 12628 | Lair:1   | Entered Level 1 of the Lair of Beasts
 12850 | Lair:1   | Noticed nikopol's ghost (journeyman GrBe)
 13555 | D:10     | Bought a potion of haste for 160 gold pieces
 13643 | Lair:1   | Killed nikopol's ghost
 13961 | Lair:1   | Noticed Nergalle
 13971 | Lair:1   | Killed Nergalle
 14871 | Lair:1   | Reached skill level 10 in Bows
 15367 | Lair:1   | Received a gift from Trog
 15825 | Lair:2   | Found a staircase to the Snake Pit.
 16558 | Lair:2   | Noticed Sonja
 16566 | Lair:2   | HP: 4/99 [poisoned by Sonja (curare-tipped needle)]
 16566 | Lair:2   | HP: 1/99 [Sonja/uncursed dagger of distortion (3)]
 16566 | Lair:2   | Slain by Sonja

Skill      XL: |  1  2  3  4  5  6  7  8  9 10 11 |
---------------+----------------------------------+-----
Unarmed Combat | 4 5 7 8 9 10 11 | 11.7
Armour         | 2 3 4 5 |  5.2
Dodging        | 2 3 4 5 |  5.3
Fighting       | 4 5 6 7 8 9 |  9.8
Bows           | 6 11 | 11.2

Action                   |  1- 3 |  4- 6 |  7- 9 | 10-12 || total
-------------------------+-------+-------+-------+-------++-------
Melee: Unarmed           |    89 |   133 |   398 |   599 ||  1219
       Kick              |    20 |    25 |   105 |   161 ||   311
       Punch             |     1 |     3 |    11 |    24 ||    39
       Hand axe          |       |       |       |     9 ||     9
Throw: Tomahawk          |       |       |       |     1 ||     1
Invok: Berserk           |     2 |     2 |    10 |    27 ||    41
       Brothers in Arms  |       |       |       |     2 ||     2
       Trog's Hand       |       |       |       |     1 ||     1
Evoke: Wand              |       |       |       |     4 ||     4
  Use: Scroll            |       |     1 |     1 |     8 ||    10
       Potion            |       |       |       |     1 ||     1
  Eat: Chunk             |     2 |     6 |    21 |    31 ||    60
       Fruit             |       |       |     3 |     4 ||     7
       Meat ration       |       |       |       |     2 ||     2
       Pizza             |       |       |       |     1 ||     1
       Bread ration      |       |       |       |     2 ||     2
       Beef jerky        |       |       |       |     1 ||     1
Armor: Animal skin       |    14 |       |       |       ||    14
       Leather armour    |    12 |       |       |       ||    12
       Scale mail        |     8 |    41 |    99 |       ||   148
       Chain mail        |       |       |    33 |    28 ||    61
       Plate armour      |       |       |       |   218 ||   218
Dodge: Dodged            |    36 |    48 |   120 |   144 ||   348
